 Dungeon Crawl Stone Soup version 0.29.1-1-gd02db6906a (webtiles) character file.

Game seed: 492083084340796414

34 Earthwalker the Trooper (level 3, -1/23 (33) HPs)
             Began as a Minotaur Fighter on Oct 8, 2022.
             Slain by Terence
             ... wielding a +1 flail of draining
              (2 damage)
             ... on level 3 of the Dungeon.
             The game lasted 00:04:14 (914 turns).

Earthwalker the Trooper (Minotaur Fighter)           Turns: 914, Time: 00:04:14

HP:   -1/23 (33)    AC:  9    Str: 20    XL:     3   Next: 14%
MP:   2/2           EV:  9    Int:  5    God:
Gold: 59            SH:  4    Dex: 11    Spells: 2/2 levels left

rFire   . . .      SeeInvis .   k - +0 spear
rCold   . . .      Faith    .   c - +0 buckler
rNeg    . . .      Spirit   .   b - +0 scale mail
rPois   .          Reflect  .   (helmet restricted)
rElec   .          Harm     .   (no cloak)
rCorr   .          Rampage  .   e - +1 pair of gloves
Will    .....                   (no boots)
Stlth   ..........              (no amulet)
HPRegen 0.07/turn               (no ring)
MPRegen 0.08/turn               (no ring)

@: very heavily drained
A: horns 2, retaliatory headbutt
a: no special abilities


You were on level 3 of the Dungeon.
You visited 1 branch of the dungeon, and saw 3 of its levels.

You collected 59 gold pieces.

Inventory:

Hand Weapons
 a - a +0 trident
 k - a +0 spear (weapon)
Armour
 b - a +0 scale mail (worn)
 c - a +0 buckler (worn)
 e - a +1 pair of gloves (worn)
Scrolls
 g - 2 scrolls of identify {unknown}
 h - 2 scrolls of noise {unknown}
 j - 2 scrolls of teleportation {unknown}
Potions
 d - 2 potions of might
 f - a potion of lignification {unknown}
 i - a potion of cancellation {unknown}
 l - 2 potions of brilliance {unknown}
 m - a potion of degeneration {unknown}
 n - a potion of curing {unknown}
 o - a potion of magic {unknown}


   Skills:
 * Level 4.0 Fighting
 * Level 2.8 Polearms
 * Level 4.0 Armour
 * Level 0.8 Dodging
 * Level 0.4 Stealth
 * Level 3.9 Shields


You had 2 spell levels left.
You didn't know any spells.
Your spell library was empty.

Dungeon Overview and Level Annotations

Branches:
Dungeon (3/15)

Altars:

Annotations:
D:3 Terence


Innate Abilities, Weirdness & Mutations

You have a pair of horns on your head.
You reflexively headbutt those who attack you in melee.


Message History

Terence shouts!
Found a stone staircase leading up.
Terence barely misses you.
You barely miss Terence. You headbutt Terence, but do no damage.
Terence hits you with a +1 flail of draining.
You feel drained.
You barely miss Terence. You headbutt Terence.
Terence is lightly wounded.
You block Terence's attack.
You hit Terence but do no damage.
Terence is lightly wounded.
Terence hits you with a +1 flail of draining.
You feel drained.
You hit Terence but do no damage.
Terence is lightly wounded.
Terence hits you with a +1 flail of draining.
You feel drained.
You hit Terence but do no damage.
Terence is lightly wounded.
Terence hits you with a +1 flail of draining.
You feel drained.
You hit Terence but do no damage.
Terence is lightly wounded.
Terence hits you but does no damage.
You feel drained.
You hit Terence but do no damage. You headbutt Terence.
Terence is moderately wounded.
Terence barely misses you.
You hit Terence.
Terence is heavily wounded.
Terence hits you with a +1 flail of draining!
You feel drained.
You hit Terence.
Terence is almost dead.
Terence hits you with a +1 flail of draining!
* * * LOW HITPOINT WARNING * * *
You feel drained.
You barely miss Terence. Your headbutt misses Terence.
Terence is almost dead.
Terence hits you with a +1 flail of draining.
You die...

... ##.# ##..##
##....##
##......####
#...........
.<####...$..#
......@@...#
..##.##...##
#...# # ###.# ...
#..####.## ...
#......†.# ##.#
#.####...#
#####...
#...######.......
#................


You could see Terence.

Vanquished Creatures
  An adder (D:2)
  2 worms
  A ball python (D:1)
  2 endoplasms
  A giant cockroach (D:2)
  2 goblins (D:2)
  2 hobgoblins
  A quokka (D:2)
  2 bats
  4 kobolds (D:1)
18 creatures vanquished.

Notes
Turn   | Place    | Note
-------+----------+-------------------------------------------
     0 | D:1      | Earthwalker the Minotaur Fighter began the quest for the
                  | Orb.
     0 | D:1      | Reached XP level 1. HP: 19/19 MP: 0/0
   391 | D:1      | Found a faded altar of an unknown god.
   395 | D:1      | Reached XP level 2. HP: 27/27 MP: 1/1
   690 | D:2      | Reached XP level 3. HP: 33/33 MP: 2/2
   902 | D:3      | Noticed Terence
   913 | D:3      | HP: 1/25 [Terence/+1 flail of draining (8)]
   914 | D:3      | Slain by Terence

Illustrated notes

Levels and vault maps discovered:
D:1:      lemuel_arrival_funnel, layout_loops_corners,
          ebering_ecumenical_altar_box
D:2:      minmay_alternating_diamond, layout_basic, serial_shops, shop,
          minmay_3d_cube, uniq_sigmund
D:3:      layout_loops_cross, uniq_natasha, uniq_terence

Skill      XL: |  1  2 |
---------------+-------+-----
Fighting       | 4 |  4.0
Armour         | 4 |  4.0
Polearms       | |  2.8
Dodging        | |  0.8
Stealth        | |  0.4
Shields        | |  3.9

Action                   || total
-------------------------++-------
Melee: Spear             ||    50
       Trident           ||     4
       Headbutt          ||    13
Armor: Scale mail        ||    28
Dodge: Dodged            ||    15
Block: Buckler           ||     3
